 Dungeon Crawl Stone Soup version 0.30-a0-297-g0ec75d9ef4 (webtiles) character file.

Game seed: 1628477295561159103

1201 bande the Chopper (level 8, -5/48 HPs)
             Began as a Gargoyle Fighter on Oct 19, 2022.
             Killed by divine providence
             ... invoked by an orc priest
              (13 damage)
             ... on level 5 of the Dungeon.
             The game lasted 00:12:15 (4303 turns).

bande the Chopper (Gargoyle Fighter)                Turns: 4303, Time: 00:12:15

Health: -5/48      AC: 17    Str: 20    XL:     8   Next: 44%
Magic:  8/8        EV:  4    Int:  9    God:
Gold:   254        SH: 13    Dex: 11    Spells: 7/7 levels left

rFire   . . .      SeeInvis .    q - +2 war axe (elec)
rCold   . . .      Faith    .    d - +0 tower shield
rNeg    + . .      Spirit   .    t - +0 chain mail
rPois   ∞          Reflect  .    (no helmet)
rElec   +          Harm     .    j - +1 cloak
rCorr   .          Rampage  .    (no gloves)
Will    .....                    (no boots)
Stlth   ..........               (no amulet)
HPRegen 0.28/turn                (no ring)
MPRegen 0.11/turn                (no ring)

@: no status effects
A: sickness immunity, AC +5, negative energy resistance 1, electricity
resistance, torment resistance 1, petrification resistance
a: no special abilities


You were on level 5 of the Dungeon.
You visited 1 branch of the dungeon, and saw 5 of its levels.

You collected 254 gold pieces.

Inventory:

Hand Weapons
 a - a +1 war axe
 p - a +0 hand axe of flaming
 q - a +2 war axe of electrocution (weapon)
Missiles
 m - a throwing net (quivered)
Armour
 d - a +0 tower shield (worn)
 j - a +1 cloak (worn)
 t - a +0 chain mail (worn)
Wands
 c - a wand of mindburst (13)
Scrolls
 g - 3 scrolls of teleportation
 l - 2 scrolls of blinking
 n - a scroll of butterflies
 o - a scroll of enchant weapon
 s - a scroll of immolation {unknown}
Potions
 e - a potion of mutation
 f - a potion of resistance
 h - 5 potions of curing
 i - a potion of heal wounds {unknown}
 k - a potion of flight {unknown}
 r - a potion of magic {unknown}


   Skills:
 + Level 4.8 Fighting
 + Level 6.0 Axes
 + Level 5.6 Armour
 + Level 5.7 Shields
 * Level 2.3 Evocations


You had 7 spell levels left.
You didn't know any spells.
Your spell library contained the following spells:

 Spells                   Type           Power      Damage    Failure   Level
 Freeze                   Ice            0%         1d3       100%        1
 Ensorcelled Hibernation  Hex/Ice        0%         N/A       100%        2
 Dazzling Flash           Conj/Hex       0%         N/A       100%        3
 Frozen Ramparts          Ice            0%         1d1       100%        3
 Hailstorm                Conj/Ice       0%         3d3       100%        3
 Spider Form              Tmut/Pois      0%         N/A       100%        3
 Anguish                  Hex/Necr       0%         N/A       100%        4
 Iskenderun's Mystic Bla  Conj/Tloc      0%         2d3       100%        4
 Starburst                Conj/Fire      0%         6d3       100%        6


Dungeon Overview and Level Annotations

Branches:
Dungeon (5/15)
 Temple: D:4-7

Altars:
Fedhas
Qazlal

Shops:
D:3 (


Innate Abilities, Weirdness & Mutations

You are immune to sickness and miasma.
Your stone body is resilient. (AC +5)
You are immune to poison.
You resist negative energy. (rN+)
You are resistant to electric shocks. (rElec)
You are resistant to unholy torment.
You are immune to petrification.


Message History

The orc priest begins to cast a cantrip, but forgets the words!
Unknown command.
You miss the adder. You barely miss the orc.
The adder bites you but does no damage. The orc hits you but does no damage.
The adder bites you but does no damage.
The orc priest looks braver for a moment.
The orc priest begins to cast a cantrip, but forgets the words!
Unknown command.
You barely miss the adder. You miss the orc.
You feel less confused.
You block the adder's attack. x2; The orc hits you but does no damage.
Unknown command.
You barely miss the adder. You hit the orc. Lightning courses through the orc!
You kill the orc!
You block the adder's attack. x2
The orc priest looks satisfied for a moment.
You block something's attack.
Unknown command.
You hit the adder.
The adder is moderately wounded.
You miss something. You block the adder's attack. You block something's attack.
The adder bites you but does no damage.
You barely miss the adder.
The adder is lightly wounded.
You closely miss something. You block the adder's attack. The adder bites you.
You block something's attack.
You barely miss the adder.
The adder is lightly wounded.
You closely miss something. The adder bites you but does no damage.
You block the adder's attack.
You miss the adder.
The adder is lightly wounded.
You hit something. The adder barely misses you.
The orc priest mumbles some strange prayers to Beogh against you.
Beogh smites you!
* * * LOW HITPOINT WARNING * * *
Something hits you but does no damage.
The orc priest mumbles some strange prayers to Beogh against you.
Beogh smites you!
You die...

# .... # .... .....
# ..... . o... #
#o{# ##).# ##@S# ..
###..##
#...##.....######
#...............####
..#####............#
#............#
##...........#
#...........#
#...........#


You could see 2 orc priests and an adder.

Vanquished Creatures
  Menkaure (D:4)
  An ice beast (D:5)
  A black bear (D:4)
  A centaur (D:5)
  An ogre (D:5)
  A phantom (D:4)
  A scorpion (D:5)
  2 howler monkeys (D:5)
  A jelly (D:4)
  4 orc priests
  A hound (D:5)
  An iguana (D:3)
  3 orc wizards
  6 adders
  4 gnolls (D:3)
  A shadow imp (D:3)
  An ufetubus (D:4)
  2 dart slugs
  30 orcs
  8 ball pythons
  4 bats
  8 endoplasms
  3 giant cockroaches
  10 hobgoblins
  9 kobolds
  3 quokkas
  5 frilled lizards
  8 goblins
  4 rats
125 creatures vanquished.

Notes
Turn   | Place    | Note
-------+----------+-------------------------------------------
     0 | D:1      | bande the Gargoyle Fighter began the quest for the Orb.
     0 | D:1      | Reached XP level 1. HP: 14/14 MP: 1/1
    90 | D:1      | Reached XP level 2. HP: 19/19 MP: 2/2
   192 | D:1      | Found a faded altar of an unknown god.
   309 | D:1      | Reached skill level 2 in Axes
   705 | D:2      | Reached XP level 3. HP: 23/23 MP: 3/3
   902 | D:2      | Found a blossoming altar of Fedhas.
  1002 | D:2      | Reached XP level 4. HP: 29/29 MP: 4/4
  1329 | D:3      | Reached skill level 3 in Axes
  1395 | D:3      | Reached XP level 5. HP: 19/33 MP: 5/5
  2076 | D:3      | Found Qeuth's Weapon Shoppe.
  2579 | D:4      | Reached skill level 4 in Axes
  2579 | D:4      | Reached XP level 6. HP: 29/38 MP: 6/6
  2664 | D:4      | Found a stormy altar of Qazlal.
  2790 | D:4      | Noticed Menkaure
  2796 | D:4      | Killed Menkaure
  2860 | D:4      | Reached XP level 7. HP: 39/44 MP: 7/7
  3122 | D:4      | Reached skill level 5 in Armour
  3145 | D:4      | Identified the +7 rapier of the Evening {freeze, *Noise
                  | rPois rF+}
  3329 | D:4      | Reached skill level 5 in Axes
  3329 | D:4      | Reached skill level 5 in Shields
  3329 | D:4      | Reached skill level 1 in Evocations
  3433 | D:5      | Entered Level 5 of the Dungeon
  3696 | D:5      | Reached XP level 8. HP: 48/48 MP: 8/8
  3880 | D:5      | Found a blossoming altar of Fedhas.
  4007 | D:5      | Reached skill level 6 in Axes
  4303 | D:5      | Killed from afar by an orc priest

Illustrated notes

Levels and vault maps discovered:
D:1:      matt_arrival_debris, layout_rooms, hellmonk_ecumenical_altar_lost_god,
          chequers_serial_rivers_room_b
D:2:      layout_loops_cross, basic_altar
D:3:      layout_loops_ring, serial_shops, shop_statue, minmay_strange_pillars
D:4:      layout_gridville, kennysheep_little_box, uniq_menkaure
D:5:      layout_cave_pods, mainiacjoe_overflow_24_doors

Skill      XL: |  1  2  3  4  5  6  7  8 |
---------------+-------------------------+-----
Axes           | 2 3 4 5 6 |  6.0
Armour         | 4 5 |  5.6
Shields        | 4 5 |  5.7
Fighting       | 4 |  4.8
Evocations     | 1 2 |  2.3

Action                   |  1- 3 |  4- 6 |  7- 9 || total
-------------------------+-------+-------+-------++-------
Melee: War axe           |   129 |   141 |   114 ||   384
  Use: Scroll            |     6 |     4 |     4 ||    14
       Potion            |       |     1 |       ||     1
Armor: Scale mail        |    92 |   109 |    89 ||   290
       Chain mail        |       |       |    15 ||    15
Dodge: Dodged            |    71 |    48 |    38 ||   157
Block: Buckler           |    26 |    15 |       ||    41
       Tower shield      |       |    89 |   111 ||   200

Table legend: (Time is in decaauts)
 A = Elapsed time spent in this place.
 B = Non-inter-level travel time spent in this place.
 C = Inter-level travel time spent in this place.
 D = Time resting spent in this place.
 E = Time spent auto-exploring this place.
 F = Levels seen in this place.
 G = Mean time per level.
                   A        B        C        D        E       F      G
               +--------+--------+--------+--------+--------+-----+--------+
         Total |   4510 |   4443 |     67 |    971 |   2293 |   5 |  902.0 |
       Dungeon |   4510 |   4443 |     67 |    971 |   2293 |   5 |  902.0 |
               +--------+--------+--------+--------+--------+-----+--------+

Top non-repeatable levels by time:
     D:3: 1293 daAuts
     D:4: 944 daAuts
     D:5: 906 daAuts
     D:2: 760 daAuts
     D:1: 605 daAuts
